AoeStats
← El Arqui

Arena

504515138Analyzed
1v1 RM · 27d ago on Sep 5, 2026· 31m 29s· 2 players
Game mode
Random Map
Map size
Tiny (2 player)
Population
200
Speed
Normal
Resources
Standard
Victory
Conquest
Starting age
Dark Age
Ending age
Imperial Age
RankedLock teamsTeams togetherTeam positionsShared explorationLock speedFull tech treeHidden civsTurbo modeCheats
Victory
Defeat
🇹🇼 Turks · Taiwan
889
+15
🇦🇷 Tupi · Argentina
865
-15
El Arqui
10:08 Feudal Age
10:44 Double-Bit Axe
13:05 Horse Collar
18:26 Castle Age
16:48 Gold Mining
16:52 Champi Runner
18:16 Stone Mining
19:18 Pikeman
19:59 Squires
19:59 Loom
21:31 Wheelbarrow
23:11 Bow Saw
23:56 Town Watch
28:13 Caciques
29:34 Ballistics
30:23 Padded Archer Armor
30:13 Fletching
31:52 Devotion
32:03 Redemption
31:48 Herbal Medicine
32:14 Sanctity
slryze4264
11:30 Feudal Age
16:51 Castle Age
20:56 Imperial Age
21:55 Double-Bit Axe
22:52 Wheelbarrow
23:36 Bow Saw
29:29 Loom
29:34 Town Watch
Connection lost

Rejoining the realm…

Still unreachable

The connection could not be restored.

Session expired

The server has moved on; the page needs a fresh start.